 Dungeon Crawl Stone Soup version 0.26-b1-32-g5d43845318 (webtiles) character file.

Game seed: 16222337081068524146

34006 Arthanis the Scorcher (level 13, -1/66 HPs)
             Began as a Deep Elf Fire Elementalist on Jan 10, 2021.
             Was a High Priest of Vehumet.
             Slain by a red ugly thing (10 damage)
             ... on level 14 of the Dungeon.
             The game lasted 00:35:07 (17514 turns).

Arthanis the Scorcher (Deep Elf Fire Elementalist) Turns: 17514, Time: 00:35:08

Health: -1/66      AC:  7    Str:  8    XL:     13   Next: 39%
Magic:  32/32      EV: 17    Int: 32    God:    Vehumet [*****.]
Gold:   115        SH:  5    Dex: 15    Spells: 11/39 levels left

rFire    . . .     SeeInvis +   N - staff of conjuration
rCold    . . .     Faith    .   A - +0 buckler
rNeg     . . .     Spirit   .   a - +0 robe
rPois    .         Reflect  .   m - +0 helmet
rElec    .         Harm     .   I - +0 cloak
rCorr    .         Rampage  .   V - +2 pair of gloves of Filth {Str+3}
Will     +....                  (no boots)
Stlth    ++........             c - amulet of magic regeneration
HPRegen  0.21/turn              b - +6 ring of intelligence
MPRegen  0.48/turn              G - ring of see invisible

@: no status effects
A: no striking features
a: Renounce Religion


You were on level 14 of the Dungeon.
You worshipped Vehumet.
Vehumet was extremely pleased with you.
You visited 2 branches of the dungeon, and saw 15 of its levels.
You visited the Abyss 1 time.
You also visited: Sewer.

You collected 984 gold pieces.
You spent 869 gold pieces at shops.

Inventory:

Hand Weapons
 i - a +1 short sword of electrocution
 w - a +1 dagger of venom
 z - a +1 whip of electrocution
 F - a +0 trident
 H - a +2 quarterstaff of chaos
 Q - a +2 trident of protection
Armour
 a - a +0 robe (worn)
 m - a +0 helmet (worn)
 A - a +0 buckler (worn)
 I - a +0 cloak (worn)
 V - the +2 pair of gloves of Filth (worn) {Str+3}
   (You found it on level 13 of the Dungeon)

   It affects your strength (+3).
Magical Staves
 N - an uncursed staff of conjuration (weapon)
 P - an uncursed staff of poison
Jewellery
 b - a +6 ring of intelligence (left hand)
 c - an amulet of magic regeneration (around neck)
 j - an uncursed ring of resist corrosion
 v - a +6 ring of dexterity
 C - an uncursed ring of willpower
 G - a ring of see invisible (right hand)
Wands
 x - a wand of paralysis (19)
 y - a wand of iceblast (5)
 E - a wand of flame (19)
 W - a wand of acid (8)
 Y - a wand of disintegration (8)
Scrolls
 d - a scroll of enchant weapon
 h - a scroll of immolation
 k - 3 scrolls of magic mapping
 l - 3 scrolls of fog
 p - 3 scrolls of fear
 q - 4 scrolls of blinking
 s - 3 scrolls of enchant armour
 t - 10 scrolls of remove curse
 u - a scroll of summoning
 D - 9 scrolls of teleportation
 L - 2 scrolls of amnesia
 X - a scroll of silence
Potions
 e - 2 potions of magic
 f - 3 potions of mutation
 g - 2 potions of cancellation
 n - 3 potions of ambrosia
 r - 6 potions of heal wounds
 B - 9 potions of curing
 J - 3 potions of flight
 K - 2 potions of might
 M - 4 potions of invisibility
 O - 5 potions of berserk rage
 S - 2 potions of lignification
 T - a potion of brilliance
 Z - a potion of resistance
Miscellaneous
 R - a lightning rod (4/4)


   Skills:
 - Level 2.0 Fighting
 - Level 7.7 Dodging
 + Level 3.0 Stealth
 - Level 4.0 Shields
 - Level 13.5 Spellcasting
 - Level 11.4 Conjurations
 - Level 15.7 Fire Magic
 - Level 6.1 Evocations


You had 11 spell levels left.
You knew the following spells:

 Your Spells              Type           Power        Failure   Level
a - Foxfire               Conj/Fire      100%         0%          1
b - Conjure Flame         Conj/Fire      100%         1%          3
c - Sticky Flame          Conj/Fire      100%         1%          4
d - Fireball              Conj/Fire      52%          1%          5
e - Shock                 Conj/Air       100%         1%          1
f - Lightning Bolt        Conj/Air       36%          1%          5
g - Iron Shot             Conj/Erth      36%          9%          6
h - Stone Arrow           Conj/Erth      100%         1%          3

Your spell library contained the following spells:

 Spells                   Type           Power        Failure   Level
 Dazzling Flash           Conj/Hex       100%         1%          3
 Inner Flame              Hex/Fire       64%          1%          3
 Animate Skeleton         Necr           42%          2%          1
 Apportation              Tloc           42%          2%          1
 Corona                   Hex            23%          2%          1
 Summon Small Mammal      Summ           84%          2%          1
 Ensorcelled Hibernation  Hex/Ice        42%          3%          2
 Confusing Touch          Hex            21%          6%          3
 Gell's Gravitas          Tloc           10%          6%          3
 Lesser Beckoning         Tloc           10%          6%          3
 Portal Projectile        Hex/Tloc       42%          6%          3
 Tukima's Dance           Hex            21%          6%          3
 Alistair's Intoxication  Tmut/Pois      14%          52%         5
 Borgnjor's Vile Clutch   Necr/Erth      10%          52%         5
 Invisibility             Hex            21%          97%         6


Dungeon Overview and Level Annotations

Branches:
Dungeon (14/15)            Temple (1/1) D:6            Lair (0/6) D:11
    Orc (0/2) D:10         Vaults (0/5) D:13          Sewer (visited)

Altars:
Ashenzari
Cheibriados
Dithmenos
Elyvilon
Fedhas
Gozag
Hepliaklqana
Kikubaaqudgha
Makhleb
Nemelex Xobeh
Okawaru
Qazlal
Ru
Uskayaw
Vehumet
Wu Jian
Xom
Yredelemnul
Zin
The Shining One

Shops:
D:5 *   D:10 !   D:11 *   D:13 ![!

Annotations:
D:5 2 transporters, grindst0ne's ghost, novice HuCK


Message History

You remove your ring of resist corrosion.
You feel clever.
b - a +6 ring of intelligence (left hand)
You now have 62 gold pieces (gained 22).
A white imp comes into view.
Found 53 gold pieces.
Found an opulent altar of Gozag.
Found a scroll of identify.
Found a gateway leading out of the Abyss.
You now have 115 gold pieces (gained 53).
There is a gateway leading out of the Abyss here.
You pass through the gate.
Welcome back to the Dungeon!
A centaur comes into view.
The red ugly thing engulfs you.
You are engulfed in flames!
The red ugly thing kicks you!
You are engulfed in flames!!
* * * LOW HITPOINT WARNING * * *
A wraith comes into view.
The red ugly thing engulfs you!
You die...

#...........###.......#..........
...........#..#..................
...............#.................
##......†.....#...#.......##.....
#..........##.##.................
#####..........#.................
.^8^.............................
#####...........uu...............
................@#...............
.................u.....W.........
.................................
.................>..........##.##
............>...............#...'
†...........................#...#
..#.........................##...
.>.......................##...
...............#........###..


You could see 3 ugly things and a wraith.

Vanquished Creatures
  Nessos (D:12)
  2 hydras
  4 boulder beetles
  3 two-headed ogres
  A centaur warrior (D:13)
  2 unseen horrors
  Pikel (D:4)
  A mana viper (shapeshifter) (D:13)
  7 ugly things
  A deep elf mage (D:13)
  A manticore (D:14)
  3 centaur zombies
  A kobold demonologist (D:13)
  An efreet (D:14)
  A komodo dragon (D:11)
  A tengu conjurer (D:14)
  Prince Ribbit (D:6)
  3 trolls
  5 slime creatures (D:12)
  A meliai zombie (D:13)
  Sigmund (D:3)
  2 wraiths
  37 yaks
  A wyvern (D:13)
  2 basilisks (D:11)
  8 vampire mosquitoes
  3 acid dragons (D:11)
  A water moccasin (D:11)
  A meliai simulacrum (D:14)
  17 orc warriors
  A hornet zombie (D:13)
  4 sky beasts
  A black bear (shapeshifter) (D:13)
  10 ice beasts
  An eye of draining (D:13)
  2 ogres
  3 phantoms
  10 centaurs
  2 lemures (D:4)
  4 big kobolds
  A big kobold (shapeshifter) (D:13)
  3 bullfrogs
  3 scorpions
  21 killer bees
  13 wights
  A jelly (D:11)
  2 bullfrog zombies
  4 hounds
  A quasit (D:7)
  Crazy Yiuf (D:2)
  17 orc priests
  4 centaur skeletons
  27 orc wizards
  5 bullfrog skeletons
  7 iguanas
  7 worker ants
  2 howler monkey zombies
  A worker ant zombie (D:7)
  A river rat (Sewer)
  2 shadow imps (D:6)
  15 adders
  6 white imps
  An ufetubus (D:5)
  6 oozes
  7 worms
  3 leopard geckos
  77 orcs
  4 bats
  2 giant cockroaches
  13 goblins
  11 hobgoblins
  16 jackals
  49 kobolds
  3 quokkas
  A ball python (Sewer)
  6 frilled lizards
  A quokka zombie (D:6)
  10 rats
506 creatures vanquished.

Vanquished Creatures (collateral kills)
  9 foxfires (D:4)
9 creatures vanquished.

Vanquished Creatures (others)
  1455 foxfires
  58 plants
1513 creatures vanquished.

Grand Total: 2028 creatures vanquished

Notes
Turn   | Place    | Note
-------+----------+-------------------------------------------
     0 | D:1      | Arthanis the Deep Elf Fire Elementalist began the quest for
                  | the Orb.
     0 | D:1      | Reached XP level 1. HP: 10/10 MP: 6/6
   103 | D:1      | Reached XP level 2. HP: 13/15 MP: 0/8
   452 | D:1      | Reached skill level 4 in Fire Magic
   886 | D:1      | Reached XP level 3. HP: 19/19 MP: 6/10
  1568 | D:1      | Learned a level 3 spell: Conjure Flame
  1768 | D:2      | Reached XP level 4. HP: 24/24 MP: 7/11
  1773 | D:2      | Learned a level 4 spell: Sticky Flame
  2084 | D:2      | Found a runed translucent door.
  2085 | D:2      | Noticed Crazy Yiuf
  2546 | D:3      | Reached skill level 5 in Fire Magic
  2602 | D:3      | Reached XP level 5. HP: 28/28 MP: 7/13
  2670 | D:3      | Noticed Sigmund
  2695 | D:3      | Killed Sigmund
  2696 | D:3      | Reached skill level 5 in Spellcasting
  2696 | D:3      | Reached skill level 6 in Fire Magic
  2696 | D:3      | Reached XP level 6. HP: 22/32 MP: 9/15
  2813 | D:3      | Learned a level 5 spell: Fireball
  3576 | D:4      | Reached XP level 7. HP: 35/36 MP: 11/17
  3759 | D:4      | Noticed Pikel
  3784 | D:4      | Killed Pikel
  3785 | D:4      | Reached skill level 5 in Conjurations
  3785 | D:4      | Reached skill level 7 in Fire Magic
  4027 | D:4      | Reached XP level 8. HP: 41/41 MP: 16/20
  4034 | D:4      | Reached skill level 8 in Fire Magic
  4840 | D:5      | Entered Level 5 of the Dungeon
  5359 | D:5      | Found a blossoming altar of Fedhas.
  5396 | D:5      | Found a transporter.
  5397 | D:5      | Found a transporter.
  5399 | D:5      | Noticed grindst0ne's ghost (novice HuCK)
  5426 | D:5      | Found Pify's General Store.
  5451 | D:5      | Bought a scroll of teleportation for 45 gold pieces
  5451 | D:5      | Bought a scroll of fear for 52 gold pieces
  5451 | D:5      | Bought a potion of curing for 45 gold pieces
  5451 | D:5      | Bought a scroll of fog for 30 gold pieces
  5451 | D:5      | Bought a scroll of teleportation for 45 gold pieces
  5451 | D:5      | Bought a scroll of fear for 52 gold pieces
  5569 | D:5      | Found a glowing silver altar of Zin.
  5569 | D:5      | Found an ornate altar of the Wu Jian Council.
  5660 | D:5      | Reached skill level 9 in Fire Magic
  6201 | D:2      | Killed Crazy Yiuf
  6413 | D:6      | Noticed Prince Ribbit
  6423 | D:6      | Killed Prince Ribbit
  6449 | D:6      | Found a glowing drain.
  6453 | Sewer    | Entered a sewer
  6757 | Sewer    | Reached XP level 9. HP: 37/45 MP: 18/23
  7317 | D:6      | Found a staircase to the Ecumenical Temple.
  7335 | Temple   | Entered the Ecumenical Temple
  7409 | Temple   | Became a worshipper of Vehumet
  8001 | D:7      | Reached skill level 1 in Evocations
  8044 | D:7      | Reached skill level 10 in Fire Magic
  8045 | D:7      | Reached skill level 1 in Fighting
  9139 | D:8      | Reached * piety under Vehumet
  9139 | D:8      | Offered knowledge of Shock by Vehumet.
  9143 | D:8      | Learned a level 1 spell: Shock
  9192 | D:8      | Found a sparkling altar of Nemelex Xobeh.
  9192 | D:8      | Noticed a troll
  9194 | D:8      | Killed a troll
  9339 | D:8      | Found a basalt altar of Yredelemnul.
  9376 | D:8      | Reached skill level 11 in Fire Magic
  9811 | D:8      | Found a shadowy altar of Dithmenos.
 10241 | D:9      | Reached XP level 10. HP: 53/53 MP: 22/25
 10788 | D:9      | Noticed a two-headed ogre
 10815 | D:9      | Killed a two-headed ogre
 10871 | D:9      | Reached skill level 10 in Spellcasting
 10960 | D:9      | Reached skill level 12 in Fire Magic
 11434 | D:9      | Found a sparkling altar of Nemelex Xobeh.
 11545 | D:9      | Offered knowledge of Freeze by Vehumet.
 11782 | D:10     | Entered Level 10 of the Dungeon
 11783 | D:10     | Found a hide-covered altar of Uskayaw.
 11783 | D:10     | Found an ornate altar of the Wu Jian Council.
 11783 | D:10     | Noticed a boulder beetle
 11786 | D:10     | Killed a boulder beetle
 11787 | D:10     | Reached XP level 11. HP: 57/57 MP: 12/28
 11798 | D:10     | Reached ** piety under Vehumet
 11973 | D:10     | Reached skill level 13 in Fire Magic
 12277 | D:10     | Offered knowledge of Ignite Poison by Vehumet.
 12719 | D:10     | Reached *** piety under Vehumet
 12802 | D:10     | Offered knowledge of Static Discharge by Vehumet.
 12901 | D:10     | Found a staircase to the Orcish Mines.
 13199 | D:10     | Found Oroyz's Distillery.
 13209 | D:10     | Bought a potion of degeneration for 12 gold pieces
 13209 | D:10     | Bought a potion of curing for 36 gold pieces
 13209 | D:10     | Bought a potion of heal wounds for 60 gold pieces
 13209 | D:10     | Bought a potion of curing for 36 gold pieces
 13209 | D:10     | Bought a potion of invisibility for 96 gold pieces
 13209 | D:10     | Bought 2 potions of lignification for 72 gold pieces
 13209 | D:10     | Bought a potion of might for 48 gold pieces
 13209 | D:10     | Bought a potion of brilliance for 48 gold pieces
 13262 | D:11     | Found Yrghoduj's Pet Rocks.
 13490 | D:11     | Noticed an eight-headed hydra
 13494 | D:11     | Killed an eight-headed hydra
 13495 | D:11     | Reached skill level 10 in Conjurations
 13672 | D:11     | Reached **** piety under Vehumet
 13674 | D:11     | Reached skill level 14 in Fire Magic
 13683 | D:11     | Offered knowledge of Lightning Bolt by Vehumet.
 13692 | D:10     | Learned a level 5 spell: Lightning Bolt
 13811 | D:11     | Reached skill level 5 in Evocations
 13960 | D:12     | Noticed a brown ugly thing
 13965 | D:12     | Killed a brown ugly thing
 13977 | D:12     | Reached skill level 1 in Shields
 13977 | D:12     | Noticed a boulder beetle
 13981 | D:12     | Reached XP level 12. HP: 52/62 MP: 12/30
 14186 | D:11     | Noticed a boulder beetle
 14190 | D:11     | Killed a boulder beetle
 14595 | D:11     | Noticed a two-headed ogre
 14601 | D:11     | Killed a two-headed ogre
 14657 | D:12     | Reached ***** piety under Vehumet
 14673 | D:12     | Killed a boulder beetle
 14674 | D:12     | Reached skill level 5 in Dodging
 14920 | D:12     | Noticed Nessos
 14923 | D:12     | Noticed a two-headed ogre
 14924 | D:12     | Killed Nessos
 14924 | D:12     | Offered knowledge of Iron Shot by Vehumet.
 14926 | D:12     | Killed a two-headed ogre
 14934 | D:12     | Learned a level 6 spell: Iron Shot
 15539 | D:11     | Found a staircase to the Lair.
 15733 | D:13     | Found a gate to the Vaults.
 15973 | D:13     | Found Zatonlot's Antique Armour Shoppe.
 16008 | D:13     | Noticed a boulder beetle
 16020 | D:13     | Killed a boulder beetle
 16021 | D:13     | Reached skill level 15 in Fire Magic
 16165 | D:13     | Found Jaxill's Distillery.
 16230 | D:13     | Bought a potion of flight for 36 gold pieces
 16230 | D:13     | Bought a potion of resistance for 120 gold pieces
 16230 | D:13     | Bought a potion of curing for 36 gold pieces
 16246 | D:13     | Got a pair of polished gloves
 16252 | D:13     | Identified the +2 pair of gloves of Filth {Str+3} (You
                  | found it on level 13 of the Dungeon)
 16272 | D:13     | Reached XP level 13. HP: 66/66 MP: 11/32
 16423 | D:13     | Found Woreik's Distillery.
 16457 | D:13     | Found an opulent altar of Gozag.
 16508 | D:13     | HP: 3/66 [centaur warrior/arrow (14)]
 17000 | D:14     | Identified the Disquisition on the Voyage and Clay
 17006 | D:14     | Learned a level 3 spell: Stone Arrow
 17434 | D:14     | Cast into level 2 of the Abyss (a wizard)
 17462 | Abyss:2  | Found a shimmering blue altar of Sif Muna.
 17502 | Abyss:2  | Found an opulent altar of Gozag.
 17514 | D:14     | Escaped the Abyss
 17514 | D:14     | Slain by a red ugly thing

Illustrated notes

Levels and vault maps discovered:
D:1:      minmay_arrival_plants_in_alcoves, layout_basic
D:2:      layout_rooms, corexii_leaking_fountain, uniq_crazy_yiuf_cottage
D:3:      layout_basic, uniq_sigmund
D:4:      kennysheep_kobold_camp, layout_gridville,
          chequers_serial_rivers_micro_c, minmay_goblin_kobold_house, uniq_pikel
D:5:      layout_loops_ring, marbit_many_paths, gammafunk_temple_overflow_wave,
          serial_shops, nicolae_shop_waterfront, gammafunk_ghost_hive
D:6:      layout_basic, minmay_temple_entry_offerings, gup_sewer_entry_bowl,
          uniq_prince_ribbit1
D:7:      layout_rooms, serial_bayou_crossing
D:8:      layout_loops_corners, nemelex_xobeh_ov_fountains_minmay,
          nicolae_dithmenos_through_a_glass_darkly, lemuel_doored_altar,
          serial_rivers, chequers_serial_rivers_large_a,
          chequers_serial_rivers_large_b, chequers_serial_rivers_micro_a,
          chequers_serial_rivers_micro_a, chequers_serial_rivers_room_b
D:9:      layout_loops_ring, basic_altar
D:10:     layout_loops_ring, david_orc_4, serial_shops, shop,
          nzn_masters_of_martial_movement
D:11:     layout_loops_ring, david_lair_shrubbed, grunt_decor_cap,
          guppyfry_shop_earth
D:12:     layout_small_grid, uniq_nessos
D:13:     layout_rooms, david_vaults_2, basic_altar, serial_shops,
          nicolae_shop_statue_plus, nicolae_shop_stone,
          nicolae_shop_statue_plus, st_stairs_2, grunt_decor_fettered
D:14:     minmay_razor_zed, layout_cross, nicolae_trove_entry_columns,
          kennysheep_boxes, ebering_dispersal_statue_hall
Temple:   nicolae_temple_elliptical

Skill      XL: |  1  2  3  4  5  6  7  8  9 10 11 12 13 |
---------------+----------------------------------------+-----
Fire Magic     | 4 5 6 7 9 11 12 14 15 | 15.7
Conjurations   | 2 3 4 5 6 7 9 10 11 | 11.4
Spellcasting   | 4 5 6 8 9 11 12 13 | 13.5
Evocations     | 2 6 |  6.1
Stealth        | 3 |  3.0
Fighting       | 2 |  2.0
Dodging        | 4 6 7 |  7.7
Shields        | 1 4 |  4.0

Action                   |  1- 3 |  4- 6 |  7- 9 | 10-12 | 13-15 || total
-------------------------+-------+-------+-------+-------+-------++-------
Melee: Unarmed           |     1 |       |       |       |       ||     1
       Short sword       |       |     6 |     7 |       |       ||    13
       Staff             |       |       |       |    18 |     1 ||    19
 Cast: Foxfire           |    90 |   149 |   436 |   227 |    34 ||   936
       Sticky Flame      |       |       |    14 |    41 |     2 ||    57
       Fireball          |       |       |     8 |   167 |    43 ||   218
       Conjure Flame     |       |       |     1 |     7 |       ||     8
       Shock             |       |       |       |    25 |       ||    25
       Lightning Bolt    |       |       |       |     4 |     2 ||     6
       Stone Arrow       |       |       |       |       |     5 ||     5
Evoke: Wand              |       |       |       |     6 |     1 ||     7
  Use: Scroll            |       |       |    14 |     6 |     2 ||    22
       Potion            |       |       |       |     1 |     1 ||     2
 Stab: Sleeping          |       |     1 |       |       |       ||     1
Armor: Robe              |     6 |     5 |    11 |    19 |       ||    41
Dodge: Dodged            |    33 |    17 |    75 |   106 |     7 ||   238
Block: Buckler           |       |       |       |       |     2 ||     2
